[Event "Austrian Bundesliga 2023-24"]
[Site "Austria"]
[Date "2024.03.22"]
[Round "9.2"]
[White "Handler, Lukas"]
[Black "Bluebaum, Matthias"]
[Result "0-1"]
[ECO "D45"]
[WhiteElo "2436"]
[BlackElo "2655"]
[Annotator "TA"]
[PlyCount "68"]
[EventDate "2023.10.21"]
[EventType "team-tourn"]
[EventCountry "AUT"]
[SourceTitle "playchess.com"]
[Source "ChessBase"]
[SourceQuality "1"]
[TimeControl "40/5400+30:1800+30"]

1. d4 Nf6 2. c4 e6 3. Nf3 d5 4. Nc3 c6 5. e3 Nbd7 6. Be2 Bd6 7. O-O O-O 8. b3 b6 9. Bb2 Bb7 10. Bd3 Re8 {[%emt 0:00:36] Die Stellung ist ausgeglichen.} 11. Rc1 h6 12. Re1 dxc4 13. bxc4 c5 14. Bb1 cxd4 15. exd4 Bf4 16. Rc2 Rc8 17. Ne2 (17. g3 $15 Bb8 18. Nd2) 17... Bxf3 $17 18. gxf3 Bb8 19. Ng3 Nf8 20. d5 Ng6 21. Rd2 (21. Kh1 $11) 21... Bf4 (21... Rxc4 $2 22. dxe6 Qc8 23. Bxf6 $18) 22. Rd3 {[%emt 0:05:32] dxe6 wäre nun fies.} e5 (22... Rxc4 $2 23. dxe6 Qc8 24. exf7+ Kxf7 25. Rxe8 Qxe8 26. Rd8 $18) 23. Qa4 Nh4 {[%emt 0:06:07][%cal Ob6b5] Und jetzt ...b5! wäre schön.} 24. Red1 {[%emt 0:05:30] [#]} ({Besser ist} 24. Kh1) 24... b5 $1 25. cxb5 (25. Qxb5 $2 Rb8 26. Qc6 Rb6 $19 (26... Rxb2 $2 27. d6 $19)) 25... Qd7 26. Kh1 Qh3 27. Rg1 {[%emt 0:02:09] Gegen Qg2+ gerichtet.} Red8 28. Qd1 ({Vorzuziehen ist} 28. d6) 28... Rc5 {[%emt 0:02:20] Schwarz hat aktiveres Spiel.} (28... e4 $142 $1 29. Bxf6 (29. fxe4 $2 Ng4 $19) 29... exd3 30. Bxd8 Rc1 31. Bxh4 (31. Qxc1 $2 Nxf3 32. Rg2 Bxc1 $19) 31... Rxd1 32. Rxd1 d2 (32... Qxh4 33. Bxd3 Bc7 34. Kg2 $17)) 29. d6 (29. Ba3 $142 Rcxd5 (29... Rxb5 30. Be7 $15) 30. Be7) 29... Rxb5 $40 {[%emt 0:00:36][%mdl 128] Weiss ist in Schwierigkeiten.} 30. Bc3 {[%emt 0:01:13] [#]} (30. Rb3 $17 Rd5 31. Rd3 R8xd6 32. Ba3) 30... e4 $1 $19 31. Bxf6 {[%emt 0:01:35] [#]} (31. fxe4 $2 Ng4 $19) 31... Rh5 $1 (31... Rxb1 32. Qxb1 exd3 33. Bxd8 $11) 32. Nf1 $2 {[%emt 0:05:39] [#]} (32. Bxd8 $2 Nxf3 33. Rg2 Qxh2+ 34. Rxh2 Rxh2#) (32. Bxh4 Rxh4 33. Rg2 exd3 34. Bxd3 Rxd6 (34... Bxd6 35. Bf5 $11) 35. Qe1) 32... Bxh2 $1 ({Minderwertig wäre} 32... exd3 33. Rxg7+ Kf8 34. Qxd3 $11) 33. Rxg7+ Kf8 {[%emt 0:00:02] ( -> ...Bg3+)} 34. Ne3 Bg3+ {[%emt 0:00:06] Gewichteter Fehlerwert: Weiß=0.47/Schwarz=0.08 (makellos) .  Fehler:       	Weiß=7     	Schwarz=1     Ungenau:       	Weiß=1     	Schwarz=3     OK:         	Weiß=8     	Schwarz=10    Bester:       	Weiß=3     	Schwarz=5     Stark:        	---       	Schwarz=2     Brilliant:      	---       	Schwarz=1} 0-1

[Event "Austrian Bundesliga 2023-24"]
[Site "Austria"]
[Date "2024.03.22"]
[Round "9.3"]
[White "Svane, Rasmus"]
[Black "Halvax, Georg"]
[Result "1/2-1/2"]
[ECO "D38"]
[WhiteElo "2623"]
[BlackElo "2452"]
[Annotator "TA"]
[PlyCount "129"]
[EventDate "2023.10.21"]
[EventType "team-tourn"]
[EventCountry "AUT"]
[SourceTitle "playchess.com"]
[Source "ChessBase"]
[SourceQuality "1"]
[TimeControl "40/5400+30:1800+30"]

1. d4 d5 2. c4 e6 3. Nf3 Nf6 4. Nc3 Bb4 5. Qa4+ Nc6 6. e3 O-O 7. Qc2 Re8 8. Bd2 Bf8 9. Be2 e5 10. cxd5 Nb4 11. Qb3 exd4 12. Nxd4 Nbxd5 13. Bc4 c6 14. O-O Bc5 15. Nxd5 Nxd5 16. Bc3 Qd7 17. Bxd5 Qxd5 18. Qxd5 cxd5 19. Nb5 Bb6 {[%emt 0:07:35] Dodges Nc7} 20. Rfd1 Be6 21. Bd4 {[%emt 0:02:00] [#] And now Bxb6 would win.} a6 22. Nc3 Ba5 23. Ne2 Rac8 24. Bc3 Bc7 25. Rd2 Red8 26. h3 h6 27. Nd4 Bb6 28. Rad1 Bxd4 29. Rxd4 Re8 30. a4 Rc4 31. Rxc4 dxc4 $14 {[%emt 0:00:06][%mdl 4096] Endgame. KRB-KRB} 32. a5 Re7 33. Rd8+ Kh7 34. e4 {[%emt 0:00:33] White is more active.} f6 ({Of course not} 34... Rd7 35. Rf8 $16) 35. g4 h5 36. f3 hxg4 37. hxg4 Bd7 38. Kf2 Bc6 39. Rd4 Bb5 40. Rd5 Kg6 41. Rc5 Kf7 42. e5 fxe5 43. Bxe5 Rd7 44. Bc3 Rd3 45. Rf5+ Kg8 $1 46. f4 Bc6 47. Be5 g6 48. Rf6 Be4 49. Bc3 {[%emt 0:00:13] [#] Re6 would now be deadly.} Rf3+ 50. Ke2 {[%emt 0:00:08][%cal Of6g6] Hoping for Rxg6+!} Rg3 51. Re6 {[%emt 0:01:08] The position is equal.} Bd3+ 52. Kf2 Rxg4 53. Kf3 Rh4 $1 54. Re8+ Kf7 55. Rb8 Rh3+ 56. Kg2 Re3 57. Rxb7+ Re7 58. Rb8 Re8 59. Rb4 Re6 60. Kg3 Re3+ 61. Kf2 Re6 62. Kf3 Be2+ 63. Kg3 Bd3 64. Rb7+ Re7 65. Rxe7+ {[%emt 0:00:04] Weighted Error Value: White=0.03 (flawless) /Black=0.03 (flawless) .  Inaccurate:     	---       	Black=1      OK:         	White=32    	Black=27     Best:        	White=2     	Black=4      Strong:       	---       	Black=2} 1/2-1/2

[Event "Austrian Bundesliga 2023-24"]
[Site "Austria"]
[Date "2024.03.22"]
[Round "9.4"]
[White "Genser, Harald"]
[Black "Svane, Frederik"]
[Result "0-1"]
[ECO "D02"]
[WhiteElo "2263"]
[BlackElo "2617"]
[Annotator "TA"]
[PlyCount "118"]
[EventDate "2023.10.21"]
[EventType "team-tourn"]
[EventCountry "AUT"]
[SourceTitle "playchess.com"]
[Source "ChessBase"]
[SourceQuality "1"]
[TimeControl "40/5400+30:1800+30"]

1. d4 d5 2. Nf3 Nf6 3. Bf4 c5 4. e3 e6 5. c3 Be7 6. Nbd2 Nh5 7. Bxb8 Rxb8 8. Bb5+ Kf8 $1 {[%emt 0:00:27] White has an edge.} 9. Ne5 Nf6 10. Bd3 Nd7 11. f4 g6 12. O-O Kg7 13. Qe2 Qc7 (13... f6 {simplifies} 14. Nxd7 Bxd7 15. a3 Qb6) 14. Rac1 b6 (14... b5 {feels hotter.} 15. e4 dxe4 16. Qxe4 Bb7) 15. Bb5 Nf6 (15... a6 {feels hotter.} 16. Bd3 b5 17. e4 Bb7) 16. Nc6 (16. g4 {looks sharper.} a6 17. Bd3 Nd7 18. Ndf3) 16... Ra8 (16... a6 $5 17. Ba4 Ra8 18. Nxe7 Qxe7 $11) 17. Nxe7 Qxe7 18. Bd3 Bb7 19. Qf3 h5 20. Rce1 Rad8 21. Qd1 Bc6 22. Qb1 Qd7 23. Nf3 Bb5 24. Qd1 Bxd3 (24... h4 {keeps more tension.} 25. Ng5 Qc6 26. Bxb5 Qxb5 27. Qc2 a5) 25. Qxd3 Qc6 26. g3 a5 27. Kg2 (27. dxc5 $11 bxc5 28. Re2) 27... b5 (27... c4 $17 28. Qe2 b5) 28. dxc5 Qxc5 29. Qd4 Rc8 (29... Qxd4 {simplifies} 30. Nxd4 a4 31. Re2 Rb8) 30. Rc1 Qxd4 31. Nxd4 Rb8 32. Nc6 Ra8 33. a3 Rhc8 34. Ne5 Ne4 35. Rfd1 Rc7 36. Nd3 Rac8 37. Ra1 Nd6 38. Kf3 Nc4 $36 {[%emt 0:01:24][%mdl 2048] White is under pressure.} 39. Rab1 Kf6 40. h3 Rh8 {[%emt 0:00:00] Black is much more active.} 41. Nf2 Ke7 42. e4 dxe4+ 43. Kxe4 {[%emt 0:05:23] Black continues to play with concentration.} (43. Nxe4 $15 h4 44. Nf2 (44. g4 f5 $17)) 43... Rd8 44. Rxd8 Kxd8 $17 {[%emt 0:00:04][%mdl 4096] Endgame. KRN-KRN} 45. Rd1+ Ke7 46. Nd3 Rd7 47. Kf3 a4 48. Ke2 Rd5 49. Rc1 f6 50. Rc2 {[%emt 0:00:10] [#]} (50. Rb1 $17 {keeps fighting.}) 50... e5 $1 $19 51. fxe5 fxe5 52. Nf2 Ke6 53. g4 hxg4 54. hxg4 Rd8 55. Ne4 Rh8 {[%emt 0:00:34] [#] ...Rh2+ would now be deadly.} 56. Kf3 Rh1 57. Nf2 $2 (57. Re2) 57... Re1 {[%emt 0:00:40] Black is clearly winning.} 58. Nh3 Kd5 59. Kf2 (59. Rh2 $142 Rb1 60. Nf2) 59... Rb1 {[%emt 0:00:51] Weighted Error Value: White=0.21 (precise) /Black=0.08 (flawless) .  Mistake:       	White=5     	Black=1      Inaccurate:     	White=1     	Black=3      OK:         	White=15    	Black=19     Best:        	White=1     	Black=1      Strong:       	---       	Black=2} 0-1

[Event "Austrian Bundesliga 2023-24"]
[Site "Austria"]
[Date "2024.03.22"]
[Round "9.5"]
[White "Wagner, Dennis"]
[Black "Hartl, Daniel"]
[Result "1-0"]
[ECO "A11"]
[WhiteElo "2620"]
[BlackElo "2248"]
[Annotator "TA"]
[PlyCount "72"]
[EventDate "2023.10.21"]
[EventType "team-tourn"]
[EventCountry "AUT"]
[SourceTitle "playchess.com"]
[Source "ChessBase"]
[SourceQuality "1"]
[TimeControl "40/5400+30:1800+30"]

1. c4 c6 2. Nf3 d5 3. e3 Nf6 4. Nc3 e6 5. b3 Bd6 6. Bb2 Nbd7 7. d4 b6 8. Bd3 Bb7 9. O-O O-O 10. Qc2 h6 11. Rad1 Rc8 12. e4 dxe4 {[%emt 0:02:40] White has an edge.} 13. Nxe4 Nxe4 14. Bxe4 Qc7 15. Rfe1 Nf6 16. Bd3 c5 {[%emt 0:01:34] [#]} (16... Qe7 $14) 17. d5 $1 $16 Rfe8 18. Bxf6 gxf6 {[%emt 0:00:05] Black is weak on the light squares} 19. Qc3 Kg7 20. Bb1 exd5 21. cxd5 (21. Nh4 $18 {aiming for Nf5+.} Bxh2+ 22. Kf1) 21... Rxe1+ 22. Rxe1 {[%emt 0:00:08] Black must now prevent Nh4.} Rh8 (22... Bxd5 23. Qd3 Be6 24. Qh7+ Kf8 25. Bf5 $18 (25. Qxh6+ Ke7 $18)) 23. Nh4 $1 Bxh2+ 24. Kh1 {[%emt 0:00:05] Intending Nf5+ and mate.} Be5 25. Nf5+ {[%emt 0:00:30][%mdl 1024] White has strong compensation.} Kf8 {[%emt 0:00:09] [#]} 26. Qd2 {[%emt 0:02:58][%cal Od5d6] Hoping for d6!} Bc8 (26... Bd6 $16) 27. d6 $18 (27. Nxh6 $2 {perishes.} Kg7 (27... Bf4 $2 28. Qd3 $19) 28. Re4 Rxh6+ $19) 27... Qd8 28. Rd1 {[%emt 0:04:54][%cal Be1d1,Bd1d3,Bd3d4][%mdl 32] And now d7 would win.} (28. Nxh6 $2 Qxd6 (28... Kg7 $2 29. Kg1 $19) 29. Qxd6+ Bxd6 $19) 28... Qd7 (28... Bd7 $142 29. f4 (29. Nxh6 $2 {loses.} f5 $19) 29... Bd4) 29. Be4 (29. Nxh6 $2 {too greedy.} Kg7 30. Qd3 Rxh6+ $19 (30... Kxh6 $2 31. Kg1 $19)) (29. f4 $18 Bd4 30. Re1) 29... h5 $16 30. f4 Bd4 31. Nxd4 ({White should try} 31. Rc1 $18) 31... cxd4 $14 32. Qxd4 Kg7 33. Rd3 $36 {[%emt 0:01:13][%mdl 2048] White has some pressure. White is much more active.} h4 {[%emt 0:02:38] Inhibits Rg3+.} 34. f5 {[%emt 0:00:20] Re3 would now be deadly.} Rd8 {[%emt 0:00:37] [#]} ({Black should play} 34... Qe8 $1 $14) 35. Qf2 $1 $16 Ba6 $2 (35... Rh8 $16 {is a better defense.} 36. Qf3 Qe8) 36. Rd4 $18 Qb5 {[%emt 0:00:38] Weighted Error Value: White=0.22 (precise) /Black=0.32.  Loses game:     	---       	Black=1      Missed win:     	White=1     	---        Mistake:       	White=2     	Black=5      Inaccurate:     	White=1     	Black=2      OK:         	White=9     	Black=9      Best:        	White=4     	Black=3      Strong:       	White=1     	---        Brilliant:      	White=1     	---} (36... Rh8 {keeps fighting.} 37. Qf3 Bc8) 1-0

[Event "Austrian Bundesliga 2023-24"]
[Site "Austria"]
[Date "2024.03.22"]
[Round "9.6"]
[White "Stallinger, Vanessa"]
[Black "Buhmann, Rainer"]
[Result "0-1"]
[ECO "C11"]
[WhiteElo "1873"]
[BlackElo "2568"]
[Annotator "TA"]
[PlyCount "54"]
[EventDate "2023.10.21"]
[EventType "team-tourn"]
[EventCountry "AUT"]
[SourceTitle "playchess.com"]
[Source "ChessBase"]
[SourceQuality "1"]
[TimeControl "40/5400+30:1800+30"]

1. e4 e6 2. d4 d5 3. Nc3 Nf6 4. e5 Nfd7 5. f4 c5 6. Nf3 Nc6 7. Be3 a6 8. Ne2 a5 9. c3 a4 10. Ng3 {[%emt 0:23:23] White is slightly better.} cxd4 11. Nxd4 Nxd4 12. Bxd4 Bc5 13. Bb5 Bxd4 14. Qxd4 Qa5 15. Bd3 Qc5 16. O-O g6 17. Rf2 b6 18. Bc2 a3 19. b3 Qxd4 20. cxd4 Ba6 {[%emt 0:00:10] Repels Bd3} 21. b4 Bc4 22. Bd1 Ke7 23. Rc2 Rhc8 24. Rac1 b5 25. Ne2 Nb8 {[%emt 0:01:04] [#] Hoping for ...Nc6. Black is more active.} 26. Nc3 (26. Rd2 $15) 26... Nc6 27. Rb1 (27. Rd2 $17) 27... Bd3 {[%emt 0:01:48] Weighted Error Value: White=0.62/Black=0.11 (very precise) .  Loses game:     	White=1     	---        Mistake:       	White=1     	---        Inaccurate:     	White=2     	Black=3      OK:         	---       	Black=6      Best:        	---       	Black=2} (27... Nxd4 $2 28. Rd2 Nc6 29. Be2 $19) 0-1

[Event "Austrian Bundesliga 2023-24"]
[Site "Austria"]
[Date "2024.03.22"]
[Round "9.7"]
[White "Pechac, Jergus"]
[Black "Baldauf, Marco"]
[Result "1-0"]
[ECO "B12"]
[WhiteElo "2571"]
[BlackElo "2481"]
[Annotator "TA"]
[PlyCount "59"]
[EventDate "2023.10.21"]
[EventType "team-tourn"]
[EventCountry "AUT"]
[SourceTitle "playchess.com"]
[Source "ChessBase"]
[SourceQuality "1"]
[TimeControl "40/5400+30:1800+30"]

1. e4 c6 2. d4 d5 3. e5 Bf5 4. Nf3 e6 5. Be2 c5 6. c3 Nc6 7. O-O Bg4 8. Nbd2 cxd4 9. cxd4 a5 10. h3 Bh5 11. Nb1 Bxf3 {[%emt 0:00:18] The position is equal.} 12. Bxf3 Nge7 13. Bg4 g6 14. Nc3 h5 15. Be2 Nf5 16. Nb5 Be7 17. Be3 Kf8 18. Bd3 Kg7 19. Bxf5 exf5 20. Qd2 (20. Nc3 $14 {is superior.}) 20... a4 $11 21. Rac1 Qa5 22. Nc3 Rhc8 ({Black should play} 22... a3 $11) 23. a3 $1 $14 Nd8 {[%emt 0:01:24] [#]} (23... Qd8 $14) 24. g4 $1 $16 fxg4 (24... hxg4 25. hxg4) 25. hxg4 hxg4 {[%emt 0:02:36] [#]} 26. f4 $1 {[%emt 0:01:49] And now f5 would win.} Ne6 $2 {[%emt 0:11:14] This costs Black the game.} (26... Ra6 $16) 27. f5 $18 {[%emt 0:00:44] White is clearly winning.} gxf5 28. Rxf5 {[%emt 0:00:09] Rcf1 is the strong threat.} Rh8 29. Rcf1 Raf8 {[%emt 0:00:03] [#]} 30. Bg5 $1 {[%emt 0:07:15][%mdl 512] Weighted Error Value: White=0.09 (flawless) /Black=0.58.  Loses game:     	---       	Black=1      Mistake:       	White=1     	Black=2      Inaccurate:     	White=1     	Black=1      OK:         	White=5     	Black=7      Best:        	White=1     	---        Strong:       	White=2     	---        Brilliant:      	White=1     	---} 1-0

[Event "Austrian Bundesliga 2023-24"]
[Site "Austria"]
[Date "2024.03.22"]
[Round "9.8"]
[White "Prusikin, Michael"]
[Black "Zilka, Stepan"]
[Result "1/2-1/2"]
[ECO "D37"]
[WhiteElo "2508"]
[BlackElo "2589"]
[Annotator "TA"]
[PlyCount "69"]
[EventDate "2023.10.21"]
[EventType "team-tourn"]
[EventCountry "AUT"]
[SourceTitle "playchess.com"]
[Source "ChessBase"]
[SourceQuality "1"]
[TimeControl "40/5400+30:1800+30"]

1. d4 Nf6 2. c4 e6 3. Nf3 d5 4. Nc3 dxc4 5. e4 Bb4 6. Bxc4 Nxe4 7. O-O Nf6 8. Qe2 (8. Qa4+ $14 Nc6 9. Ne5) 8... O-O $11 9. Bg5 Re8 ({Vorzuziehen ist} 9... Nbd7 $11) 10. Rad1 $14 {[%emt 0:08:42][%mdl 1024] Weiss hat Kompensation.} Be7 11. Rfe1 {[%emt 0:04:35] Und jetzt d5 wäre schön.} (11. d5 $5 e5 12. d6 (12. Nxe5 Bd6 $16) (12. Qxe5 Nbd7 $14) 12... Bxd6 13. Ne4 $16) 11... Nbd7 12. Bb3 Nf8 13. d5 e5 14. Qxe5 {[%emt 0:06:46] Bxf6 wäre nun fies.} (14. Nxe5 Bd6 15. f4 Ng6 (15... Bg4 16. Qxg4 Nxg4 17. Bxd8 $16)) 14... Ng6 (14... Bg4 $14) 15. Qd4 h6 {[%emt 0:02:28] [#]} 16. d6 $1 {[%emt 0:03:46][%mdl 512] Weiß steht deutlich aktiver.} cxd6 {[%emt 0:00:09] [#]} 17. Rxe7 Rxe7 (17... Qxe7 $2 {ist das falsche Schlagen.} 18. Nd5 Qf8 19. Bxf6 $18) 18. Bxf6 gxf6 19. Nd5 (19. Qxf6 $2 {geht unter.} Re1+ 20. Rxe1 Qxf6 $19) 19... Re5 20. Nf4 {[%emt 0:11:45] Ein dynamisches Springerpaar.} (20. Nxe5 $16 fxe5 21. Qd2) 20... Bf5 21. Nxg6 (21. Nh5 {ist interessant.} Rc8 22. Qd2 Kh7 23. Nxe5 fxe5 24. h3) 21... Bxg6 22. Nxe5 fxe5 23. Qxd6 Qxd6 24. Rxd6 {[%emt 0:00:01][%mdl 4096] Endspiel. KRB-KRB} Kg7 25. Rd7 b6 26. g4 a6 ({Besser ist} 26... a5 $11) 27. h4 {[%emt 0:01:30] Droht stark h5.} h5 $1 28. g5 Rc8 {[%emt 0:04:05] Die Stellung ist ausgeglichen.} 29. Rd6 Rc1+ 30. Kg2 Rb1 31. Rxb6 Be4+ 32. f3 Rxb2+ 33. Kg3 Bd5 34. Rxa6 Bxb3 35. axb3 {[%emt 0:01:06] Gewichteter Fehlerwert: Weiß=0.16 (sehr präzise) /Schwarz=0.19 (sehr präzise) .  Fehler:       	Weiß=3     	Schwarz=4     Ungenau:       	Weiß=3     	Schwarz=4     OK:         	Weiß=8     	Schwarz=8     Bester:       	---       	Schwarz=5     Stark:        	---       	Schwarz=1} 1/2-1/2

[Event "Austrian Bundesliga 2023-24"]
[Site "Austria"]
[Date "2024.03.22"]
[Round "9.9"]
[White "Hracek, Zbynek"]
[Black "Berchtenbreiter, Maximilian"]
[Result "1/2-1/2"]
[ECO "B12"]
[WhiteElo "2542"]
[BlackElo "2486"]
[Annotator "TA"]
[PlyCount "113"]
[EventDate "2023.10.21"]
[EventType "team-tourn"]
[EventCountry "AUT"]
[SourceTitle "playchess.com"]
[Source "ChessBase"]
[SourceQuality "1"]
[TimeControl "40/5400+30:1800+30"]

1. e4 c6 2. d4 d5 3. e5 Bf5 4. Bd3 Bxd3 5. Qxd3 e6 6. Ne2 c5 7. c3 Nc6 8. O-O Nge7 9. Nd2 a6 10. Nf3 Nf5 {[%emt 0:02:09] White has an edge.} 11. Kh1 Be7 (11... Qb6 $11) 12. g4 $1 $14 Nh4 13. Nxh4 Bxh4 14. f4 Be7 15. f5 Qb6 16. fxe6 (16. Be3 $14) 16... fxe6 $11 17. Be3 Qb5 18. Qc2 cxd4 19. Nxd4 Nxd4 20. Bxd4 Rc8 21. Rf3 g6 22. Raf1 Rf8 (22... Kd7 $1 $11) 23. Rxf8+ $16 Bxf8 24. Kg2 (24. Qf2 $16 Kd7 25. Qf7+ Be7 26. Rf6) 24... Be7 (24... Qc4 $14 25. Rf4 (25. Qf2 Be7 $11) 25... Bh6) 25. b3 (25. Rf3 $1 $16) 25... a5 ({Black should play} 25... Qb4 $14 26. Qd2 (26. Qf2 Qa3 $14) 26... Qa3) 26. Rf3 Kd7 27. a4 Qa6 28. Qf2 $1 h5 {[%emt 0:02:34] [#]} 29. Rf7 $1 hxg4 {[%emt 0:00:19] [#]} 30. Bc5 $2 {[%emt 0:01:38] White is more active.} (30. Be3 $1 $16) 30... Rxc5 $11 {[%emt 0:00:11] The position is equal.} 31. Qxc5 {[%emt 0:00:05][%mdl 4096] Endgame. KQR-KQB} Qe2+ 32. Kg1 {[%emt 0:01:18] The board is on fire.} Qd1+ 33. Kf2 Qf3+ 34. Rxf3 {[%emt 0:00:04] White threatens Rf7 and mate.} Bxc5+ {[%emt 0:00:04] KR-KB} 35. Re3 $1 Kc6 {[%emt 0:01:15][%cal Ob7b5] Hoping for ...b5!} 36. b4 Bxe3+ 37. Kxe3 {[%emt 0:00:01] KP-KP} b5 38. axb5+ Kxb5 39. bxa5 Kxa5 40. Kf4 {[%emt 0:00:00][%cal Of4g5] Threatens to win with Kg5!} Kb5 (40... Ka4 $5 41. Kg5 $8 Kb3 $11) 41. Kg5 $1 {[%emt 0:00:10][%cal Og5f6] Threatening mate with Kf6!} Kc4 42. Kf6 Kxc3 43. Kxe6 {[%emt 0:00:03] K3P-KPP} d4 44. Kf6 d3 45. e6 $1 d2 46. e7 $1 d1=Q 47. e8=Q {[%emt 0:00:05] Wards off Qd7. KQ-KQ} Qd6+ 48. Kg5 Qxh2 {[%emt 0:01:04] ...Qh5+ is the strong threat.} 49. Qc6+ Kd4 50. Qb6+ Kd5 51. Qb5+ Ke4 52. Qc4+ Ke3 53. Qc3+ Kf2 {[%emt 0:01:19] ( -> ...Qh5+)} 54. Qd2+ Kg1 55. Qxh2+ Kxh2 56. Kxg4 g5 57. Kxg5 {Weighted Error Value: White=0.08 (flawless) /Black=0.10 (very precise) .  Mistake:       	White=4     	Black=4      Inaccurate:     	---       	Black=3      OK:         	White=18    	Black=8      Best:        	White=8     	Black=2      Strong:       	White=7     	---} 1/2-1/2

[Event "Austrian Bundesliga 2023-24"]
[Site "Austria"]
[Date "2024.03.22"]
[Round "9.10"]
[White "Hess, Max"]
[Black "Haba, Petr"]
[Result "1/2-1/2"]
[ECO "A06"]
[WhiteElo "2392"]
[BlackElo "2436"]
[Annotator "TA"]
[PlyCount "125"]
[EventDate "2023.10.21"]
[EventType "team-tourn"]
[EventCountry "AUT"]
[SourceTitle "playchess.com"]
[Source "ChessBase"]
[SourceQuality "1"]
[TimeControl "40/5400+30:1800+30"]

1. Nf3 d5 2. e3 Nf6 3. c4 c6 4. Nc3 a6 5. Qc2 Nbd7 6. cxd5 cxd5 7. d4 e6 8. Bd2 Bd6 9. Bd3 O-O 10. O-O b5 11. e4 dxe4 ({Don't play} 11... b4 12. Nxd5 exd5 13. e5 $14) 12. Nxe4 Be7 13. Ne5 Bb7 14. Nc6 Qe8 15. Nxe7+ Qxe7 16. Bg5 Rac8 17. Qe2 Bxe4 18. Bxe4 Qd6 19. Bf3 Rc4 20. b3 Rc3 21. Bd2 {[%emt 0:03:28] This pair of bishops is nice.} Rc7 22. a4 b4 ({Black should try} 22... Qxd4 $11 23. Rfd1 Qe5) 23. a5 (23. Rfd1 $14) 23... Rfc8 24. Rfd1 Nd5 25. Bxd5 Qxd5 26. Qxa6 Ra8 $1 ({Much worse is} 26... Qxb3 $6 27. Rdb1 Qd5 28. Rxb4 $16 (28. Bxb4 Qxd4 29. Qf1 Rb8 $16)) 27. Qf1 Rxa5 28. Rxa5 Qxa5 29. Ra1 Qd5 30. Bxb4 h6 31. Qd1 Rb7 32. Ra5 Qe4 33. Bc3 Nf6 34. h3 Nd5 {[%emt 0:00:14][%mdl 1024] Black has compensation.} 35. Rc5 Nf4 {[%emt 0:01:16][%csl Gf4][%cal Re4g2] [#]} 36. f3 Qe3+ 37. Kh2 {[%emt 0:00:09] The position is equal.} Nd5 38. Rc8+ Kh7 39. Qc2+ f5 40. Rc6 Nxc3 41. Qxc3 Rxb3 42. Qxe3 Rxe3 $11 {[%emt 0:00:02][%mdl 4096] Endgame. KR-KR} 43. Kg3 g5 44. h4 Kg6 45. d5 Kf6 46. h5 Re5 47. d6 f4+ 48. Kh3 Re1 {[%emt 0:01:07] [#] ( -> ...Rh1+)} 49. g3 fxg3 50. Rc8 {[%emt 0:01:30][%cal Od6d7] d7! is the strong threat.} Rd1 51. Rd8 Ke5 52. d7 Kd6 {[%emt 0:00:40] Threatens to win with ...Rh1+.} 53. Rh8 Kxd7 {[%emt 0:00:02] White must now prevent ...Rh1+.} 54. Rxh6 Rg1 55. Rh8 Ke7 56. h6 {[%emt 0:02:21] Strongly threatening h7.} Kf7 57. h7 {[%emt 0:00:35][%cal Oh8f8] Hoping for Rf8+!} Kg7 58. Rg8+ Kxh7 59. Rxg5 Rh1+ 60. Kg2 Rh6 61. Kxg3 Rg6 62. Kf4 Rxg5 63. Kxg5 {[%emt 0:00:08] Weighted Error Value: White=0.05 (flawless) /Black=0.06 (flawless) .  Mistake:       	White=1     	Black=1      Inaccurate:     	White=3     	Black=3      OK:         	White=23    	Black=26     Best:        	White=2     	Black=3      Strong:       	---       	Black=1} 1/2-1/2